AoeStats
← kichakick98

Nomad

506097541Analyzed
4v4 RM · 19d ago on Sep 12, 2026· 36m 4s· 8 players
Game mode
Random Map
Map size
231×231
Population
200
Speed
Normal
Resources
Standard
Victory
Conquest
Starting age
Dark Age
Ending age
Imperial Age
RankedLock teamsTeams togetherTeam positionsShared explorationLock speedFull tech treeHidden civsTurbo modeCheats
Victory
Defeat
🇫🇷 Mongols · France
930
+16
🇹🇼 Chinese · Taiwan
915
+17
🇫🇷 Inca · France
898
+18
🇹🇷 Huns · Türkiye
860
+19
🇮🇳 Vikings · India
993
-20
🇨🇳 Maya · China
977
-19
🇷🇺 Saracens · Russia
898
-16
🇮🇳 Franks · India
861
-15
alex
5:54 Loom
14:24 Feudal Age
19:30 Castle Age
18:16 Fishing Lines
18:42 Double-Bit Axe
20:48 Bow Saw
20:46 Fletching
20:57 Padded Archer Armor
24:55 Gold Mining
25:30 Ballistics
25:14 Padded Archer Armor
25:09 Bodkin Arrow
26:13 Gold Shaft Mining
26:18 Wheelbarrow
26:13 Gillnets
28:54 Stone Mining
30:56 Hand Cart
31:24 Stone Shaft Mining
35:47 Imperial Age
jeffhou47
17:07 Feudal Age
17:24 Man-at-Arms
23:44 Castle Age
22:17 Scale Mail Armor
24:30 Fishing Lines
25:31 Gillnets
25:59 Pikeman
26:00 Long Swordsman
27:37 Double-Bit Axe
27:35 Horse Collar
28:38 Fletching
28:49 Padded Archer Armor
29:05 Chain Mail Armor
28:56 Scale Barding Armor
34:34 Imperial Age
32:21 Heavy Plow
32:23 Gold Mining
32:24 Stone Mining
34:47 Gold Shaft Mining
34:48 Stone Shaft Mining
34:42 Cavalier
35:22 Husbandry
Lethe
4:08 Loom
16:27 Feudal Age
23:12 Castle Age
21:24 Scale Barding Armor
23:03 Forging
23:00 Stone Mining
24:29 Husbandry
30:32 Chain Barding Armor
31:23 Iron Casting
31:36 Fletching
33:14 Bodkin Arrow
Mikatux
6:34 Loom
16:17 Feudal Age
17:34 Double-Bit Axe
21:05 Champi Runner
23:38 Horse Collar
27:04 Castle Age
25:42 Scale Mail Armor
25:52 Forging
26:21 Town Watch
27:19 Champi Warrior
29:08 Chain Mail Armor
29:28 Iron Casting
28:57 Squires
29:19 Town Patrol
Bickus Diggus
7:11 Loom
kichakick98
Xcw
5:22 Loom
16:30 Feudal Age
17:21 Town Watch
20:36 Castle Age
19:19 Fletching
20:22 Padded Archer Armor
21:58 Medium Warships
23:01 Bodkin Arrow
25:38 Double-Bit Axe
34:43 Imperial Age
33:13 Wheelbarrow
KSroido
9:15 Loom
Connection lost

Rejoining the realm…

Still unreachable

The connection could not be restored.

Session expired

The server has moved on; the page needs a fresh start.